 Dungeon Crawl Stone Soup version bcrawl-1.15.1 (webtiles) character file.

Game seed: 13096094601204583061

105 Banto the Insei (level 4, -3/28 HPs)
             Began as an Octopode Transmuter on Oct 2, 2019.
             Killed by divine providence
             ... invoked by an orc priest
              (13 damage)
             ... on level 3 of the Dungeon.
             The game lasted 00:01:38 (2266 turns).

Banto the Insei (Octopode Transmuter)               Turns: 2266, Time: 00:01:39

Health: -3/28      AC:  1    Str:  9    XL:     4   Next: 83%
Magic:  7/7        EV: 13    Int: 15    God:
Gold:   144        SH:  0    Dex: 13    Spells: 1/7 levels left

rFire    . . .     SeeInvis .     - Unarmed
rCold    . . .     Gourm    .   (no shield)
rNeg     . . .     Faith    .   (helmet restricted)
rPois    .         Spirit   .   (cloak restricted)
rElec    .         Reflect  .   (no amulet)
rCorr    .         Harm     .   (no ring)
MR       .....                  (no ring)
Stlth    ++........             (no ring)
HPRegen  0.09/turn              (no ring)
MPRegen  0.10/turn              (no ring)
                                (no ring)
                                (no ring)
                                (no ring)

@: no status effects
A: almost no armour, stealthy swim, amphibious, 8 rings, constrict 8, camouflage
1, gelatinous body 1
a: no special abilities


You were on level 3 of the Dungeon.
You were not hungry.

You visited 1 branch of the dungeon, and saw 3 of its levels.

You collected 144 gold pieces.

Inventory:

Missiles
 a - 250 arrows
Scrolls
 b - a scroll of amnesia {unknown}
 e - a scroll of fear {unknown}
 h - a scroll of identify
 i - a scroll of fog {unknown}
 j - a scroll of remove curse {unknown}
 m - a scroll of teleportation {unknown}
Potions
 c - 2 potions of lignification
 f - a potion of mutation {unknown}
 g - 3 potions of curing
 k - a potion of brilliance {unknown}
Comestibles
 d - 9 rations {!d}
 l - a chunk of flesh


   Skills:
 - Level 1.0 Fighting
 - Level 2.0 Dodging
 + Level 4.3 Unarmed Combat
 - Level 2.0 Spellcasting
 + Level 3.6 Transmutations


You had one spell level left.
You knew the following spells:

 Your Spells              Type           Power        Failure   Level  Hunger
a - Beastly Appendage     Tmut           ##....       4%          1    #......
b - Sticks to Snakes      Tmut           ##......     8%          2    ###....
c - Spider Form           Tmut/Pois      #..          30%         3    ###....

Your spell library contained the following spells:

 Spells                   Type           Power        Failure   Level  Hunger
 Ice Form                 Ice/Tmut       #.......     71%         4    #####..
 Blade Hands              Tmut           ##........   80%         5    ######.


Dungeon Overview and Level Annotations

Branches:
Dungeon (3/12)

Altars:
Nemelex Xobeh


Innate Abilities, Weirdness & Mutations

You cannot wear most types of armour.
You are very stealthy in the water. (Stealth+)
You are amphibious.
You can wear up to eight rings at the same time.
You can use your tentacles to constrict eight enemies at once.
Your skin changes colour to match your surroundings (Stealth+).
Your rubbery body absorbs attacks. (AC +1, EV +1)


Message History

You hear a shout!
There is a stone staircase leading up here.
The orc wizard casts a spell at you. The puff of frost hits you!
* * * LOW HITPOINT WARNING * * *
As you climb the stairs, a rune flashes!
You stop ascending the stairs.
Your surroundings suddenly seem different.
Found 159 stones and a cloak.
Found an escape hatch in the floor.
A bat, an orc, an orc priest and a zombie come into view.
There are monsters nearby!
As you read the scroll labeled XEUM JISEN, it crumbles to dust.
It is a scroll of identify.
g - 4 potions of curing The orc priest shouts!
The orc barely misses you.
You feel better.
The orc priest mumbles some strange prayers to Beogh against you.
Beogh smites you!
You die...

.$.###.......##.. ......
.#..........##(.
......##.#.....)....####
.........#...<.รท........
.........#..............
.(.......#.o#...........
.......#..#######.....
#####....#. .....
.......@.#. .....
......b.o...>.. ..
.......o.......
...............
...............
.......##...... ###Z###
...... [. ......


You could see an orc priest, an orc, a worker ant zombie and a bat.

Vanquished Creatures
  A crimson imp (D:3)
  Jessica (D:2)
  2 worms (D:2)
  A dart slug (D:3)
  A leopard gecko (D:3)
  An orc (D:2)
  A ball python (D:1)
  4 giant cockroaches
  3 goblins
  3 hobgoblins
  4 jackals (D:1)
  A quokka (D:2)
  2 bats
  A frilled lizard (D:1)
  4 kobolds
  5 rats
35 creatures vanquished.

Notes
Turn   | Place    | Note
-------+----------+-------------------------------------------
     0 | D:1      | Banto the Octopode Transmuter began the quest for the Orb.
     0 | D:1      | Reached XP level 1. HP: 13/13 MP: 3/3
    62 | D:1      | Reached XP level 2. HP: 10/18 MP: 3/5
  1006 | D:2      | Learned a level 2 spell: Sticks to Snakes
  1302 | D:2      | Reached XP level 3. HP: 11/23 MP: 6/6
  1539 | D:2      | Noticed Jessica
  1543 | D:2      | Killed Jessica
  1714 | D:2      | Found a sparkling altar of Nemelex Xobeh.
  1807 | D:2      | Reached skill level 4 in Unarmed Combat
  1807 | D:2      | Reached XP level 4. HP: 27/28 MP: 7/7
  1894 | D:3      | Learned a level 3 spell: Spider Form
  2266 | D:3      | Killed from afar by an orc priest

Skill      XL: |  1  2  3 |
---------------+----------+-----
Transmutations | 3 |  3.6
Unarmed Combat | 4 |  4.3
Fighting       | |  1.0
Dodging        | |  2.0
Spellcasting   | |  2.0

Action                   |  1- 3 |  4- 6 || total
-------------------------+-------+-------++-------
Melee: Unarmed           |    53 |    33 ||    86
       Kick              |     4 |       ||     4
       Constrict         |    16 |     8 ||    24
       Tentacles         |     8 |     3 ||    11
 Cast: Beastly Appendage |     2 |       ||     2
  Use: Scroll            |       |     1 ||     1
       Potion            |       |     1 ||     1
 Stab: Sleeping          |     6 |     1 ||     7
  Eat: Chunk             |     3 |     1 ||     4
Armor: Skin              |     1 |     5 ||     6
Dodge: Dodged            |    28 |    19 ||    47
